Warning! The script has encountered some errors when parsing the replay. Please report them to the . » details
0x00, prev: 0x16: 16 02 01 00 D9 87 00 00 44 34 06 00 [00] 00 00 00 00 00 00 00 00 00 00 00 00 00 00 00 00 00 00 00 00 00 00 00 06 00
0x00, prev: 0x00: 16 02 01 00 D9 87 00 00 44 34 06 00 00 00 00 00 00 00 00 00 00 00 00 00 00 00 00 00 00 00 00 00 00 00 [00] 00 06 00
0x00, prev: 0x01: 16 02 01 00 31 65 00 00 74 3C 01 00 00 00 00 00 00 00 00 00 00 00 00 00 00 00 00 00 00 00 00 00 00 00 00 00 01 [00] 03 11 00 18 01 03 1A 19 79 72 63 75 16 69 00 00 9F BA 00 00
0x00, prev: 0x02: 16 02 06 00 58 0E 00 00 8D 1C 06 00 01 70 00 00 82 1F 06 00 46 7B 00 00 74 F5 05 00 E5 82 00 00 4E F5 05 00 7C 87 00 00 95 A5 05 00 6E 88 00 00 A6 1F 06 00 00 00 00 00 00 00 00 00 00 00 00 00 00 00 00 00 00 00 00 00 00 00 00 00 02 [00] 01 11 00 18 00 03 1A 19 6F 6F 6D 45 A3 72 00 00 47 BA 00 00
General information
- name: BNet
- type: Ladder team game (AT/RT)
- host: Battle.net
- saver: brb_piss
map: RiverOfSouls
- players: 6
- length: 27:52
- speed: Fast
- version: 1.23 W3XP
- replay type: Public
» download(179 KB)
Players
team 1 (loser)
cnxrurouni (
teal | 128 APM | 3169 actions | 24:44)
3 Priestess of the Moon
2 Searing Arrows
1 Trueshot Aura
1 Keeper of the Grove
1 Entangling Roots
» actions
| Assign group hotkey | 19 | |
| Basic commands | 123 | |
| Build / train | 72 | |
| ESC pressed | 1 | |
| Enter build submenu | 28 | |
| Enter hero's abilities submenu | 4 | |
| Give item / drop item | 1 | |
| Remove unit from queue | 2 | |
| Right click | 1274 | |
| Select / deselect | 508 | |
| Select group hotkey | 1056 | |
| Use ability | 81 | |
3169 total
» units
| Wisp | 30 | |
| Huntress | 7 | |
| Glaive Thrower | 6 | |
| Mountain Giant | 3 | |
46 total
» upgrades
| Strength of the Moon | 1 | |
| Vorpal Blades | 1 | |
| Reinforced Hides | 3 | |
| Strength of the Wild | 1 | |
| Hardened Skin | 1 | |
| Resistant Skin | 1 | |
| Nature's Blessing | 1 | |
| Moon Armor | 1 | |
10 total
» buildings
| Altar of Elders | 1 | |
| Moon Well | 11 | |
| Hunter's Hall | 1 | |
| Ancient of War | 3 | |
| Tree of Ages | 2 | |
| Tree of Eternity | 1 | |
| Ancient Protector | 4 | |
| Ancient of Lore | 3 | |
| Ancient of Wonders | 1 | |
27 total
» build order
00:19 Altar of Elders
00:33 Moon Well
01:45 Hunter's Hall
01:50 Ancient of War
02:05 Ancient of War
02:21 Moon Well
03:12 Ancient of War
03:37 Moon Well
06:37 Moon Well
07:54 Moon Well
08:53 Moon Well
11:07 Tree of Ages
11:07 Tree of Ages
14:02 Tree of Eternity
16:18 Ancient of Lore
16:50 Ancient of Wonders
18:03 Moon Well
18:03 Moon Well
18:04 Moon Well
18:05 Moon Well
19:56 Moon Well
» items
| Potion of Lesser Invulnerability | 2 | |
| Dust of Appearance | 1 | |
| Scroll of Town Portal | 1 | |
4 total
coc_soccer (
blue | 97 APM | 2414 actions | 24:49)
3 Death Knight
2 Death Coil
1 Unholy Aura
» actions
| Assign group hotkey | 39 | |
| Build / train | 50 | |
| ESC pressed | 3 | |
| Enter build submenu | 17 | |
| Enter hero's abilities submenu | 3 | |
| Remove unit from queue | 2 | |
| Right click | 927 | |
| Select / deselect | 321 | |
| Select group hotkey | 953 | |
| Use ability | 99 | |
2414 total
» units
| Acolyte | 3 | |
| Ghoul | 6 | |
| Crypt Fiend | 13 | |
| Obsidian Statue | 10 | |
32 total
» upgrades
| Creature Carapace | 2 | |
| Cannibalize | 0 | |
| Creature Attack | 3 | |
| Web | 1 | |
| Destroyer Form | 1 | |
7 total
» buildings
| Crypt | 3 | |
| Graveyard | 1 | |
| Ziggurat | 8 | |
| Altar of Darkness | 1 | |
| Tomb of Relics | 1 | |
| Halls of the Dead | 1 | |
| Black Citadel | 1 | |
| Slaughterhouse | 2 | |
| Spirit Tower | 1 | |
19 total
» build order
00:20 Crypt
00:24 Graveyard
00:29 Ziggurat
01:02 Altar of Darkness
01:40 Tomb of Relics
02:19 Ziggurat
03:43 Crypt
03:45 Crypt
04:10 Ziggurat
04:59 Ziggurat
07:19 Halls of the Dead
08:02 Ziggurat
09:47 Black Citadel
09:55 Slaughterhouse
12:25 Slaughterhouse
12:34 Ziggurat
13:33 Ziggurat
14:01 Spirit Tower
14:31 Ziggurat
» items
lucckyy (
green | 39 APM | 995 actions | 25:18)
2 Dreadlord
1 Vampiric Aura
1 Sleep
» actions
| Assign group hotkey | 3 | |
| Basic commands | 50 | |
| Build / train | 47 | |
| Enter build submenu | 15 | |
| Enter hero's abilities submenu | 2 | |
| Right click | 458 | |
| Select / deselect | 380 | |
| Select group hotkey | 7 | |
| Use ability | 32 | |
995 total
» units
| Acolyte | 2 | |
| Ghoul | 4 | |
| Necromancer | 13 | |
| Meatwagon | 9 | |
28 total
» upgrades
| Unholy Strength | 2 | |
| Unholy Armor | 2 | |
| Necromancer Training | 2 | |
| Exhume Corpses | 1 | |
| Skeletal Mastery | 1 | |
8 total
» buildings
| Crypt | 1 | |
| Altar of Darkness | 1 | |
| Ziggurat | 8 | |
| Halls of the Dead | 2 | |
| Graveyard | 1 | |
| Tomb of Relics | 1 | |
| Temple of the Damned | 2 | |
| Slaughterhouse | 1 | |
| Spirit Tower | 3 | |
| Black Citadel | 1 | |
| Nerubian Tower | 2 | |
| Necropolis | 1 | |
24 total
» build order
00:24 Crypt
00:28 Altar of Darkness
00:35 Ziggurat
00:57 Ziggurat
02:43 Halls of the Dead
03:01 Graveyard
03:11 Tomb of Relics
03:14 Ziggurat
03:49 Ziggurat
03:51 Ziggurat
05:05 Temple of the Damned
05:06 Temple of the Damned
05:08 Slaughterhouse
05:12 Spirit Tower
06:09 Black Citadel
14:21 Nerubian Tower
16:18 Necropolis
17:51 Ziggurat
17:55 Ziggurat
17:56 Ziggurat
18:44 Spirit Tower
18:53 Nerubian Tower
18:55 Spirit Tower
22:25 Halls of the Dead
team 2 (winner)
brb_piss (
orange | 92 APM | 2336 actions | 25:19)
4 Paladin
2 Holy Light
2 Divine Shield
4 Archmage
2 Blizzard
2 Brilliance Aura
» actions
| Assign group hotkey | 20 | |
| Basic commands | 28 | |
| Build / train | 123 | |
| ESC pressed | 3 | |
| Enter build submenu | 66 | |
| Enter hero's abilities submenu | 10 | |
| Give item / drop item | 7 | |
| Right click | 914 | |
| Select / deselect | 332 | |
| Select group hotkey | 590 | |
| Use ability | 243 | |
2336 total
» units
» upgrades
| Masonry | 3 | |
| Gunpowder | 3 | |
| Fragmentation Shards | 1 | |
| Lumber Harvesting | 2 | |
| Armor | 3 | |
| Flare | 1 | |
13 total
» buildings
| Altar of Kings | 1 | |
| Farm | 7 | |
| Lumber Mill | 3 | |
| Scout Tower | 108 | |
| Guard Tower | 51 | |
| Town Hall | 2 | |
| Keep | 2 | |
| Castle | 1 | |
| Blacksmith | 1 | |
| Arcane Sanctum | 1 | |
| Workshop | 2 | |
179 total
» build order
00:28 Altar of Kings
00:34 Farm
00:51 Lumber Mill
00:53 Lumber Mill
00:54 Lumber Mill
01:10 Farm
01:44 Scout Tower
01:46 Scout Tower
01:47 Scout Tower
02:00 Farm
02:04 Scout Tower
02:05 Scout Tower
02:10 Guard Tower
02:11 Guard Tower
02:12 Scout Tower
02:29 Scout Tower
02:41 Guard Tower
02:43 Guard Tower
02:45 Scout Tower
02:51 Scout Tower
02:52 Scout Tower
02:53 Scout Tower
03:08 Guard Tower
03:12 Guard Tower
03:18 Scout Tower
03:18 Scout Tower
03:23 Guard Tower
03:35 Guard Tower
03:46 Guard Tower
04:01 Town Hall
04:05 Scout Tower
04:07 Scout Tower
04:10 Guard Tower
04:12 Guard Tower
04:13 Guard Tower
04:14 Scout Tower
04:15 Scout Tower
04:34 Scout Tower
04:35 Scout Tower
04:38 Guard Tower
04:44 Keep
04:45 Keep
05:03 Guard Tower
05:05 Scout Tower
05:05 Scout Tower
05:33 Guard Tower
06:46 Scout Tower
06:50 Scout Tower
06:51 Scout Tower
06:51 Scout Tower
06:52 Scout Tower
06:52 Scout Tower
06:53 Scout Tower
07:19 Castle
07:22 Scout Tower
07:22 Scout Tower
07:23 Scout Tower
07:23 Scout Tower
07:25 Blacksmith
07:27 Arcane Sanctum
07:34 Guard Tower
07:56 Guard Tower
08:06 Guard Tower
08:08 Workshop
08:28 Guard Tower
08:28 Guard Tower
08:28 Guard Tower
09:13 Guard Tower
10:47 Workshop
10:52 Scout Tower
10:52 Scout Tower
11:50 Town Hall
12:06 Guard Tower
12:07 Farm
12:08 Farm
12:08 Farm
12:09 Farm
14:11 Scout Tower
14:12 Scout Tower
14:12 Scout Tower
14:13 Scout Tower
14:53 Scout Tower
14:53 Scout Tower
14:54 Scout Tower
14:55 Scout Tower
14:59 Guard Tower
15:02 Scout Tower
15:03 Scout Tower
15:03 Scout Tower
15:04 Scout Tower
15:05 Scout Tower
16:18 Guard Tower
16:36 Guard Tower
17:21 Guard Tower
17:35 Guard Tower
17:41 Guard Tower
18:35 Scout Tower
18:36 Scout Tower
18:36 Scout Tower
18:37 Scout Tower
18:38 Scout Tower
18:39 Scout Tower
18:40 Scout Tower
19:09 Scout Tower
19:10 Scout Tower
19:10 Scout Tower
19:46 Scout Tower
19:48 Scout Tower
19:48 Scout Tower
19:49 Scout Tower
19:50 Scout Tower
19:53 Scout Tower
19:54 Scout Tower
19:55 Scout Tower
20:20 Guard Tower
20:24 Scout Tower
20:25 Scout Tower
20:26 Scout Tower
20:27 Scout Tower
20:30 Scout Tower
20:30 Scout Tower
20:31 Scout Tower
20:38 Guard Tower
20:50 Guard Tower
21:10 Guard Tower
22:02 Guard Tower
22:08 Guard Tower
22:13 Guard Tower
22:18 Guard Tower
22:19 Guard Tower
22:30 Scout Tower
22:31 Scout Tower
22:32 Scout Tower
22:35 Scout Tower
22:35 Scout Tower
22:36 Scout Tower
22:37 Scout Tower
22:39 Scout Tower
23:47 Guard Tower
23:54 Guard Tower
» items
| Lesser Clarity Potion | 5 | |
| Healing Salve | 2 | |
| Boots of Speed | 2 | |
| Staff of Teleportation | 2 | |
| Potion of Mana | 1 | |
| Potion of Healing | 1 | |
| Orb of Lightning | 2 | |
15 total
om98029 (
red | 72 APM | 1823 actions | 25:19)
5 Blademaster
2 Wind Walk
3 Critical Strike
» actions
| Assign group hotkey | 52 | |
| Basic commands | 6 | |
| Build / train | 89 | |
| Enter build submenu | 92 | |
| Enter hero's abilities submenu | 5 | |
| Right click | 812 | |
| Select / deselect | 271 | |
| Select group hotkey | 326 | |
| Use ability | 170 | |
1823 total
» units
» upgrades
| Spiked Barricades | 1 | |
| Ranged Weapons | 2 | |
| Liquid Fire | 1 | |
| Reinforced Defenses | 1 | |
5 total
» buildings
| Altar of Storms | 1 | |
| Orc Burrow | 5 | |
| War Mill | 1 | |
| Watch Tower | 68 | |
| Voodoo Lounge | 4 | |
| Great Hall | 2 | |
| Stronghold | 4 | |
| Beastiary | 3 | |
| Fortress | 5 | |
93 total
» build order
00:12 Altar of Storms
00:21 Orc Burrow
01:03 War Mill
02:40 Watch Tower
02:41 Watch Tower
02:53 Orc Burrow
03:08 Watch Tower
03:40 Watch Tower
03:51 Voodoo Lounge
03:55 Watch Tower
03:57 Watch Tower
04:06 Watch Tower
04:24 Watch Tower
04:59 Voodoo Lounge
05:03 Voodoo Lounge
05:08 Voodoo Lounge
05:14 Watch Tower
05:19 Watch Tower
06:10 Watch Tower
06:30 Great Hall
06:32 Watch Tower
06:35 Watch Tower
06:42 Watch Tower
06:43 Watch Tower
06:53 Watch Tower
07:21 Stronghold
07:22 Stronghold
07:22 Stronghold
07:22 Stronghold
07:28 Watch Tower
07:58 Watch Tower
08:00 Watch Tower
08:10 Watch Tower
08:19 Watch Tower
08:44 Watch Tower
08:45 Watch Tower
09:27 Watch Tower
09:55 Beastiary
09:57 Beastiary
09:59 Beastiary
10:29 Orc Burrow
10:30 Orc Burrow
10:44 Watch Tower
10:46 Watch Tower
10:50 Watch Tower
10:57 Watch Tower
11:42 Fortress
11:42 Fortress
11:43 Fortress
12:08 Watch Tower
12:10 Watch Tower
14:49 Watch Tower
14:50 Watch Tower
14:51 Watch Tower
14:53 Watch Tower
14:56 Orc Burrow
14:57 Watch Tower
14:58 Watch Tower
14:59 Watch Tower
15:56 Watch Tower
15:58 Watch Tower
16:18 Watch Tower
17:32 Great Hall
17:36 Watch Tower
17:36 Watch Tower
18:13 Watch Tower
18:16 Watch Tower
18:28 Watch Tower
20:22 Watch Tower
20:24 Watch Tower
22:11 Watch Tower
22:15 Watch Tower
» items
| Boots of Speed | 1 | |
| Staff of Teleportation | 1 | |
| Circlet of Nobility | 1 | |
| Healing Salve | 1 | |
| Lesser Clarity Potion | 4 | |
| Potion of Mana | 1 | |
| Potion of Healing | 2 | |
| Scroll of Town Portal | 1 | |
12 total
rossesabegina (
purple | 37 APM | 932 actions | 25:19)
4 Keeper of the Grove
2 Entangling Roots
2 Thorns Aura
» actions
| Assign group hotkey | 25 | |
| Basic commands | 7 | |
| Build / train | 44 | |
| ESC pressed | 1 | |
| Enter build submenu | 16 | |
| Enter hero's abilities submenu | 4 | |
| Remove unit from queue | 1 | |
| Right click | 455 | |
| Select / deselect | 130 | |
| Select group hotkey | 187 | |
| Use ability | 62 | |
932 total
» units
» upgrades
| Strength of the Wild | 3 | |
| Corrosive Breath | 1 | |
| Well Spring | 1 | |
| Reinforced Hides | 2 | |
| Ultravision | 1 | |
8 total
» buildings
| Altar of Elders | 1 | |
| Moon Well | 8 | |
| Tree of Ages | 1 | |
| Tree of Eternity | 1 | |
| Ancient of Wind | 1 | |
| Hunter's Hall | 1 | |
| Chimaera Roost | 2 | |
15 total
» build order
00:14 Altar of Elders
00:22 Moon Well
01:06 Moon Well
02:15 Moon Well
03:13 Moon Well
07:25 Tree of Ages
08:17 Moon Well
08:20 Moon Well
08:23 Moon Well
10:09 Moon Well
10:51 Tree of Eternity
10:55 Ancient of Wind
11:49 Hunter's Hall
13:15 Chimaera Roost
13:16 Chimaera Roost
Chat log
(00:06 / Allies) om98029: 5-1
(00:07 / Allies) om98029: zzz
(00:07 / Allies) brb_piss: try it?
(00:08 / Allies) rossesabegina: did you return it?
(00:14 / Allies) om98029: to where
(00:17 / Allies) om98029: the fucking park patrol
(00:28 / Allies) rossesabegina: the homey that lost it
(00:39 / Allies) om98029: i left it on top of the snowman
(00:41 / Allies) om98029: that it was next to
(00:55 / Allies) om98029: it had no cash
(00:58 / Allies) om98029: because i have no luck
(01:11 / Allies) om98029: it was a freaky wallet that didnt even have a slot for cash
(01:17 / Allies) brb_piss: michel feed wood gold
(01:26 / Allies) rossesabegina: buddhist wallet?
(01:32 / Allies) rossesabegina: richyrich wallet
(01:46 / Allies) om98029: it belonged to some 25 yr old girl
(01:56 / Allies) brb_piss: they gonna mass feind
(02:18 / Allies) brb_piss: wood michael
(02:25 / Allies) rossesabegina: painter inc
(03:17 / Allies) om98029: wOOD
(03:59 / Allies) om98029: wood
(04:02 / Allies) om98029: 70
(04:04 / Allies) om98029: 60
(04:09 / Allies) om98029: 30
(04:19 / Allies) brb_piss: bm get ready to jack
(04:21 / Allies) brb_piss: gtet a boots
(04:30 / Allies) brb_piss: shit they already got a biallista
(04:31 / Allies) brb_piss: get a boots
(04:58 / Allies) brb_piss: lets creep this
(05:00 / Allies) brb_piss: u gusy tank
(05:09 / Allies) brb_piss: u tanks
(05:19 / Allies) brb_piss: inc lista
(06:16 / Allies) brb_piss: lrue an ensntae
(06:26 / Allies) om98029: manage my bm
(07:17 / Allies) brb_piss: get bats asap
(07:47 / Allies) brb_piss: maek wells
(07:49 / Allies) brb_piss: at our expos
(07:50 / Allies) brb_piss: michael
(08:01 / Allies) brb_piss: k?
(08:15 / Allies) om98029: wood
(08:17 / Allies) brb_piss: lure more
(08:29 / Allies) om98029: wood?
(08:42 / Allies) brb_piss: bm that
(08:44 / Allies) brb_piss: wagon
(09:40 / Allies) brb_piss: barts
(09:42 / Allies) brb_piss: BARTS
(09:57 / Allies) brb_piss: NEED BM
(10:06 / Allies) om98029: then use shared
(10:18 / Allies) brb_piss: COME ON
(10:19 / Allies) brb_piss: TEAM GAME
(10:19 / Allies) om98029: cool
(10:28 / Allies) rossesabegina: tommy ur slacking
(11:25 / Allies) om98029: wood
(11:54 / Allies) brb_piss: BATS
(12:41 / Allies) brb_piss: REPAIR
(13:55 / Allies) brb_piss: BAT ARE MANY LATE
(14:32 / Allies) rossesabegina: button malfunction
(14:36 / Allies) om98029: bat fire 1% done
(15:08 / Allies) om98029: bat fire 90% done
(15:19 / Allies) rossesabegina: downloading chims
(15:21 / Allies) om98029: bat fire infinite time to compeletenteion
(15:37 / Allies) brb_piss: USE MORTS
(15:38 / Allies) brb_piss: AT BOTOM
(15:42 / Allies) brb_piss: TIOWE RA LOT MORE
(16:18 / Allies) brb_piss: siege
(16:53 / Allies) om98029: zzz
(17:24 / Allies) om98029: gold
(17:27 / Allies) om98029: ppoor
(17:28 / Allies) om98029: gold
(17:29 / Allies) brb_piss: wood
(18:23 / Allies) brb_piss: go det on destoryeons
(18:24 / Allies) brb_piss: det bats
(19:00 / Allies) brb_piss: make 50 food bats
(19:02 / Allies) brb_piss: and det on destros
(19:03 / Allies) brb_piss: then repaeat
(19:20 / Allies) om98029: wood
(20:39 / Allies) om98029: lets creep
(20:42 / Allies) om98029: i can get level 5
(20:43 / Allies) brb_piss: michael went afk
(20:45 / Allies) brb_piss: without leaving
(20:46 / Allies) brb_piss: zzz
(21:14 / Allies) om98029: zzz
(21:14 / Allies) om98029: zzz
(21:15 / Allies) brb_piss: u ther?
(21:58 / Allies) om98029: bnook of dead
(22:02 / Allies) om98029: who takes it
(22:41 / Allies) brb_piss: go bat some more
(22:47 / Allies) brb_piss: or bm
(22:49 / Allies) brb_piss: bottom ud
(22:55 / Allies) brb_piss: lets dota bottom base
(22:58 / Allies) brb_piss: get tps
(22:59 / Allies) brb_piss: and dota
(23:03 / Allies) om98029: ?
(23:42 / Allies) brb_piss: thare are no chism in dota
(23:43 / Allies) brb_piss: noob
(24:24 / Allies) brb_piss: bat
(24:25 / Allies) brb_piss: destro
(24:36 / All) brb_piss: u gusy give up huh
(24:49 / All) brb_piss: lazy noobs
(24:51 / All) brb_piss: l2p